 Dungeon Crawl Stone Soup version 0.25-a0-942-g87a53962fc (webtiles) character file.

Game seed: 16341548560797597477, levelgen mode: classic

1925 Amnesiac the Thaumaturge (level 8, -11/41 HPs)
             Began as a Deep Elf Wizard on May 7, 2020.
             Was a Priest of Vehumet.
             Mangled by an orc warrior
             ... wielding a +0 scimitar
              (28 damage)
             ... on level 7 of the Dungeon.
             The game lasted 00:17:32 (8323 turns).

Amnesiac the Thaumaturge (Deep Elf Wizard)          Turns: 8323, Time: 00:17:33

Health: -11/41     AC:  5    Str:  4    XL:     8   Next: 96%
Magic:  7/25       EV: 11    Int: 26    God:    Vehumet [***...]
Gold:   282        SH:  0    Dex: 13    Spells: 14/29 levels left

rFire    . . .     SeeInvis .   a - +0 dagger (venom)
rCold    . . .     Gourm    .   (no shield)
rNeg     . . .     Faith    .   e - +1 robe
rPois    +         Spirit   .   (no helmet)
rElec    .         Reflect  .   l - +1 cloak
rCorr    .         Harm     +   (no gloves)
MR       .....     Rnd*Tele +   (no boots)
Stlth    +.........             k - amulet of harm
HPRegen  0.13/turn              m - ring of poison resistance
MPRegen  0.19/turn              q - ring of teleportation (curse)

@: very slightly contaminated, heavily drained
A: no striking features
a: Renounce Religion


You were on level 7 of the Dungeon.
You worshipped Vehumet.
Vehumet was most pleased with you.
You were not hungry.

You visited 1 branch of the dungeon, and saw 7 of its levels.

You collected 282 gold pieces.

Inventory:

Hand Weapons
 a - a +0 dagger of venom (weapon)
Missiles
 c - 358 stones (quivered)
Armour
 e - a +1 robe (worn)
 i - a +0 helmet
 l - a +1 cloak (worn)
 w - the +2 ring mail "Ozelemp" {Dex+10, unknown}
   (You found it on level 6 of the Dungeon)

   It affects your dexterity (+10).
Jewellery
 k - an amulet of harm (around neck)
 m - a ring of poison resistance (left hand)
 p - an uncursed ring of fire
 q - a cursed ring of teleportation (right hand)
 t - an uncursed amulet of regeneration
Scrolls
 f - 2 scrolls of enchant armour {!r}
 g - 5 scrolls of teleportation {!r}
 j - a scroll of remove curse {!r}
 o - a scroll of enchant weapon {!r, unknown}
 s - a scroll of fog {!r, unknown}
 v - a scroll of amnesia {!r, unknown}
 y - a scroll of immolation {!r, unknown}
 z - a scroll of acquirement {!r, unknown}
Potions
 b - 5 potions of curing {!q}
 h - a potion of invisibility {!q}
 n - 2 potions of magic {!q}
 r - a potion of flight {!q}
 u - a potion of resistance {!q, unknown}
 x - a potion of heal wounds {!q, unknown}
Comestibles
 d - 7 rations
 A - 4 chunks of flesh


   Skills:
 - Level 2.4(0.2) Dodging
 - Level 2.4(0.2) Stealth
 * Level 11.1(8.4) Spellcasting
 + Level 7.2(4.8) Conjurations
 - Level 1.1(0.0) Summonings
 - Level 1.1(0.0) Translocations
 + Level 5.6(3.2) Earth Magic


You had 14 spell levels left.
You knew the following spells:

 Your Spells              Type           Power        Failure   Level  Hunger
a - Magic Dart            Conj           ####         1%          1    None
b - Call Imp              Summ           ##......     9%          2    None
c - Sandblast             Erth           ####..       1%          1    None
d - Stone Arrow           Conj/Erth      ####..       1%          3    None
e - Mephitic Cloud        Conj/Pois/Air  ###.....     2%          3    None
s - Conjure Flame         Conj/Fire      ###.....     1%          3    None
v - Blink                 Tloc           N/A          9%          2    None

Your spell library contained the following spells:

 Spells                   Type           Power        Failure   Level  Hunger
 Slow                     Hex            ##......     9%          2    None
 Yara's Violent Unravell  Hex/Tmut       ##........   36%         5    ####...
 Cause Fear               Hex            ##........   47%         4    ##.....
 Silence                  Hex/Air        ##........   83%         5    ####...
 Discord                  Hex            ##........   100%        8    #######


Dungeon Overview and Level Annotations

Branches:
Dungeon (7/15)             Temple (0/1) D:6

Altars:
Ashenzari
Cheibriados
Gozag
Qazlal
Sif Muna
Vehumet
Zin
The Shining One


Message History

What level of the Dungeon? (default 1, ? - help)
You climb downwards.
There is a stone staircase leading up here.
Things that are here:
a +0 leather armour; a +2 short sword of speed; an orc skeleton Magic restored.
There is a stone staircase leading down here.
You climb downwards.
There is a stone staircase leading up here.
The orc warrior is too close now for your liking.
An orc warrior is nearby!
Casting: Stone Arrow (safe; 1% risk of failure)
Confirm with . or Enter, or press ? or * to list all spells.
Aiming: Magic Dart (safe; 1% risk of failure)
Press: ? - help, Shift-Dir - straight line, f - orc warrior
Aim: an orc warrior, wielding a +0 scimitar and wearing a +0 plate armour (hasn't noticed you)
The magic dart hits the orc warrior but does no damage.
Casting: Magic Dart (safe; 1% risk of failure)
Confirm with . or Enter, or press ? or * to list all spells.
Aiming: Stone Arrow (safe; 1% risk of failure)
Press: ? - help, Shift-Dir - straight line, f/p - orc warrior
Aim: an orc warrior, wielding a +0 scimitar and wearing a +0 plate armour The stone arrow misses the orc warrior.
Casting: Stone Arrow (safe; 1% risk of failure)
Confirm with . or Enter, or press ? or * to list all spells.
Aiming: Stone Arrow (safe; 1% risk of failure)
Press: ? - help, Shift-Dir - straight line, f/p - orc warrior
Aim: an orc warrior, wielding a +0 scimitar and wearing a +0 plate armour The stone arrow hits the orc warrior!
The orc warrior is heavily wounded.
Casting: Stone Arrow (safe; 1% risk of failure)
Confirm with . or Enter, or press ? or * to list all spells.
Aiming: Stone Arrow (safe; 1% risk of failure)
Press: ? - help, Shift-Dir - straight line, f/p - orc warrior
Aim: an orc warrior, wielding a +0 scimitar and wearing a +0 plate armour (heavily wounded)
The stone arrow hits the orc warrior.
The orc warrior is severely wounded.
Casting: Stone Arrow (safe; 1% risk of failure)
Confirm with . or Enter, or press ? or * to list all spells.
Aiming: Stone Arrow (safe; 1% risk of failure)
Press: ? - help, Shift-Dir - straight line, f/p - orc warrior
Aim: an orc warrior, wielding a +0 scimitar and wearing a +0 plate armour (severely wounded)
You miscast Stone Arrow.
You are very lightly contaminated with residual magic.
Nothing appears to happen.
The orc warrior hits you with a +0 scimitar.
Casting: Stone Arrow (safe; 1% risk of failure)
Confirm with . or Enter, or press ? or * to list all spells.
Aiming: Stone Arrow (safe; 1% risk of failure)
Press: ? - help, Shift-Dir - straight line, f/p - orc warrior
Aim: an orc warrior, wielding a +0 scimitar and wearing a +0 plate armour (severely wounded)
The stone arrow misses the orc warrior.
You hear a shout!
The orc warrior hits you with a +0 scimitar!
* * * LOW HITPOINT WARNING * * *
Casting: Stone Arrow (safe; 1% risk of failure)
Confirm with . or Enter, or press ? or * to list all spells.
Aiming: Stone Arrow (safe; 1% risk of failure)
Press: ? - help, Shift-Dir - straight line, f/p - orc warrior
Aim: an orc warrior, wielding a +0 scimitar and wearing a +0 plate armour (severely wounded)
The stone arrow misses the orc warrior.
The orc warrior hits you with a +0 scimitar!!
Ouch! That really hurt!
You die...

# #.# ## #.# #.#
#.# #.# #.# #.#
#######.#########
#...[@...........
#.#.o.......####
#. #...........#
#K #..###'###..#
##.####### ##o#
#.# #..#
..r......#
#.###.###..#
....O....#
#o###_..+.##
...oo....#
##.###.###o####
...Fa<...# #..#
#.# #)...#


You could see an orc warrior and an orc.

Vanquished Creatures
  Purgy (D:4)
  An ice beast (D:5)
  3 sky beasts
  An ogre (D:4)
  3 centaurs
  5 elf skeletons (D:4)
  2 scorpions
  A centaur zombie (D:5)
  A crimson imp (D:5)
  A quasit (D:6)
  2 hounds (D:5)
  Crazy Yiuf (D:3)
  A centaur skeleton (D:4)
  3 orc priests (D:6)
  A bullfrog skeleton (D:5)
  2 orc wizards
  2 human skeletons (D:4)
  4 worker ants
  A hound skeleton (D:4)
  Robin (D:4)
  8 adders
  A shadow imp (D:5)
  An ooze (D:1)
  2 worms
  4 dart slugs
  9 leopard geckos
  13 orcs
  6 giant cockroaches
  12 goblins
  9 hobgoblins
  2 jackals (D:3)
  10 kobolds
  7 quokkas
  11 bats
  2 frilled lizards (D:2)
  A leopard gecko skeleton (D:6)
  2 orc skeletons (D:4)
  2 orc zombies (D:4)
  A quokka zombie (D:6)
  13 rats
153 creatures vanquished.

Vanquished Creatures (collateral kills)
  2 orcs (D:3)
2 creatures vanquished.

Grand Total: 155 creatures vanquished

Notes
Turn   | Place    | Note
-------+----------+-------------------------------------------
     0 | D:1      | Amnesiac the Deep Elf Wizard began the quest for the Orb.
     0 | D:1      | Reached XP level 1. HP: 10/10 MP: 7/7
   429 | D:2      | Found a snail-covered altar of Cheibriados.
   429 | D:2      | Found a radiant altar of Vehumet.
   458 | D:2      | Reached XP level 2. HP: 10/15 MP: 4/9
   463 | D:2      | Learned a level 2 spell: Blink
   466 | D:2      | Learned a level 2 spell: Call Imp
   479 | D:2      | Found an opulent altar of Gozag.
   486 | D:2      | Became a worshipper of Vehumet
   829 | D:1      | Reached XP level 3. HP: 17/19 MP: 4/11
   834 | D:1      | Learned a level 3 spell: Conjure Flame
   838 | D:1      | Learned a level 3 spell: Mephitic Cloud
  1276 | D:1      | Reached * piety under Vehumet
  1276 | D:1      | Offered knowledge of Foxfire by Vehumet.
  1475 | D:2      | Found a stormy altar of Qazlal.
  1744 | D:2      | Reached XP level 4. HP: 24/24 MP: 9/12
  2171 | D:2      | Reached skill level 5 in Spellcasting
  2795 | D:3      | Reached ** piety under Vehumet
  2813 | D:3      | Offered knowledge of Sandblast by Vehumet.
  2816 | D:3      | Learned a level 1 spell: Sandblast
  3397 | D:3      | Reached XP level 5. HP: 28/28 MP: 12/15
  3790 | D:3      | Found a runed translucent door.
  3791 | D:3      | Noticed Crazy Yiuf
  3935 | D:3      | Killed Crazy Yiuf
  4258 | D:3      | Reached skill level 6 in Spellcasting
  4269 | D:3      | Reached skill level 1 in Earth Magic
  4427 | D:4      | Noticed Robin
  4436 | D:4      | Killed Robin
  4600 | D:4      | Reached XP level 6. HP: 24/32 MP: 13/17
  4637 | D:4      | Reached skill level 5 in Conjurations
  4786 | D:4      | Reached skill level 7 in Spellcasting
  4945 | D:4      | Offered knowledge of Dazzling Flash by Vehumet.
  4958 | D:4      | Reached XP level 7. HP: 29/36 MP: 13/20
  5025 | D:4      | Noticed Purgy
  5050 | D:4      | Killed Purgy
  5050 | D:4      | Reached skill level 8 in Spellcasting
  5213 | D:4      | Found a glowing silver altar of Zin.
  5313 | D:4      | Reached *** piety under Vehumet
  5697 | D:5      | Entered Level 5 of the Dungeon
  5735 | D:4      | Reached skill level 9 in Spellcasting
  5782 | D:5      | Reached XP level 8. HP: 34/41 MP: 1/23
  6086 | D:5      | Offered knowledge of Stone Arrow by Vehumet.
  6268 | D:5      | Reached skill level 10 in Spellcasting
  6761 | D:6      | Found a staircase to the Ecumenical Temple.
  6765 | D:6      | Reached skill level 5 in Earth Magic
  6897 | D:6      | Got a spiked ring mail
  7017 | D:6      | Found a glowing golden altar of the Shining One.
  7942 | D:7      | Learned a level 3 spell: Stone Arrow
  7959 | D:7      | Reached skill level 11 in Spellcasting
  7983 | D:7      | Found a shimmering blue altar of Sif Muna.
  8247 | D:7      | Found a shattered altar of Ashenzari.
  8323 | D:7      | Mangled by an orc warrior

Levels and vault maps discovered:
D:1:      minmay_arrival_shattered_statue, layout_basic, minmay_pentomino_r4
D:2:      layout_basic, chequers_temple_overflow_statue_of_worship,
          nicolae_qazlal_general_emergency
D:3:      layout_basic, minivault_14, chequers_serial_rivers_marsh,
          uniq_crazy_yiuf_cottage
D:4:      layout_loops_ring, lemuel_round_altar,
          nicolae_ossuary_entry_catacombs, uniq_purgy, uniq_robin
D:5:      layout_rooms, first_ration
D:6:      layout_basic, kennysheep_mini_moat, minmay_temple_entry_proselytizer,
          water_maze_lemuel
D:7:      layout_basic, lemuel_doored_altar, nicolae_overflow_hidden_temple

Skill      XL: |  1  2  3  4  5  6  7  8 |
---------------+-------------------------+-----
Conjurations   | 2 3 4 5 6 7 |  7.2
Spellcasting   | 5 6 7 9 11 | 11.1
Earth Magic    | 1 2 4 5 |  5.6
Dodging        | |  2.4
Stealth        | |  2.4
Summonings     | |  1.1
Translocations | |  1.1

Action                   |  1- 3 |  4- 6 |  7- 9 || total
-------------------------+-------+-------+-------++-------
Melee: Dagger            |     4 |    23 |    57 ||    84
 Cast: Magic Dart        |    84 |   121 |   143 ||   348
       Mephitic Cloud    |       |     4 |    11 ||    15
       Call Imp          |       |     3 |     5 ||     8
       Conjure Flame     |       |     7 |     5 ||    12
       Blink             |       |     1 |       ||     1
       Stone Arrow       |       |       |    16 ||    16
  Use: Scroll            |       |     5 |     2 ||     7
       Potion            |       |     1 |     7 ||     8
 Stab: Sleeping          |       |       |     2 ||     2
  Eat: Chunk             |     2 |     9 |     5 ||    16
       Ration            |       |     1 |     2 ||     3
Armor: Robe              |     3 |     8 |    27 ||    38
Dodge: Dodged            |    11 |    46 |    75 ||   132

Table legend:
 A = Non-vault XP
 B = Vault XP
 C = Vault XP percentage of total XP
 D = Non-vault monster count
 E = Vault monster count
 F = Vault count percentage of total count
                 A         B        C        D         E       F
            +---------+---------+-------+---------+---------+-------
      Total |    2038 |     713 |  25.9 |     131 |      24 |  15.5
            +---------+---------+-------+---------+---------+-------
        D:1 |      41 |       5 |  10.9 |      23 |       3 |  11.5
        D:2 |      72 |       0 |   0.0 |      24 |       0 |   0.0
        D:3 |     140 |      30 |  17.6 |      36 |       1 |   2.7
        D:4 |     396 |     637 |  61.7 |      10 |      19 |  65.5
        D:5 |     767 |       0 |   0.0 |      24 |       0 |   0.0
        D:6 |     446 |      41 |   8.4 |      11 |       1 |   8.3
        D:7 |     176 |       0 |   0.0 |       3 |       0 |   0.0
            +---------+---------+-------+---------+---------+-------
